Map: Terrasses de Prion

Players

Roscoe - Winner!

  • Race: Zerg Zerg
  • Spawn Location: 5:00

zidar

  • Race: Zerg Zerg
  • League: Silver
  • Spawn Location: 11:00

VOD

Have the link to the VOD?

Description

Time

  • Played on: Feb. 6, 2016, 3:17 p.m.
  • Length: 11:50
Show
View Real Time Build Order
Export as new Build Order

Roscoe Zerg - Winner!

Build Orders: Pool First 

Get SALT Encoding   

  12  0:04  Drone  
  13  0:18  Overlord  
  13  0:19  Drone  
  14  0:36  Drone x2  
  16  0:45  Spawning Pool  
  16  0:47  Drone  
  16  0:51  Drone  
  17  1:02  Drone  
  18  1:16  Hatchery  
  17  1:22  Drone  
  17  1:23  Extractor  
  17  1:25  Drone  
  18  1:35  Queen  
  20  1:49  Drone  
  20  1:50  Drone  
  22  1:55  Overlord  
  22  2:01  Extractor  
  22  2:06  Zergling x2  
  23  2:22  Overlord  
  23  2:34  Drone x2  
  25  2:41  Drone x2  
  25  2:43  Queen  
  29  2:44  Queen  
  29  2:48  Drone x3  
  34  2:52  Metabolic Boost  
  34  2:57  Baneling Nest  
  32  2:59  Zergling x2  
  32  3:00  Zergling x2  
  32  3:03  Spine Crawler  
  33  3:07  Zergling x2  
  33  3:08  Zergling x2  
  35  3:16  Zergling x2  
  35  3:17  Spine Crawler  
  35  3:19  Zergling x2  
  36  3:37  Drone x3  
  39  3:41  Baneling x2  
  39  3:42  Roach Warren, Baneling x2  
  38  3:54  Overlord, Drone  
  38  3:55  Drone x3  
  42  4:04  Drone x2  
  42  4:05  Overlord  
  42  4:06  Extractor  
  41  4:31  Roach  
  41  4:32  Roach x6  
  55  4:43  Roach x2  
  54  5:07  Drone x6  
  58  5:21  Drone  
  58  5:23  Drone  
  60  5:37  Lair  
  60  5:38  Hatchery  
  60  5:39  Extractor  
  60  5:40  Drone x2  
  60  5:49  Overlord x3  
  60  5:57  Overlord x3  
  60  6:02  Overlord  
  60  6:07  Queen  
  60  6:10  Roach  
  64  6:18  Evolution Chamber  
  63  6:19  Roach, Evolution Chamber  
  64  6:29  Roach x4  
  72  6:39  Glial Reconstitution  
  72  6:42  Roach x3  
  72  6:43  Roach x2  
  82  6:48  Drone x2  
  84  6:58  Zergling x2  
  84  6:59  Zergling x2  
  86  7:04  Drone  
  87  7:15  Extractor  
  86  7:16  Ravager  
  86  7:17  Ravager x2  
  89  7:23  Drone x4  
  89  7:24  Extractor  
  89  7:26  Extractor  
  91  7:34  Roach x2  
  91  7:36  Drone  
  91  7:37  Drone  
  97  7:42  Overlord  
  97  7:43  Overlord x2  
  96  7:56  Drone x5  
  100  8:10  Roach x2  
  100  8:12  Ravager x5  
  109  8:29  Roach x6  
  109  8:33  Zerg Missile Weapons Level 1  
  121  8:41  Zerg Ground Armor Level 1  
  121  8:42  Zergling x2  
  121  8:43  Zergling x4  
  124  8:53  Hatchery  
  123  9:03  Roach  
  123  9:04  Roach x10  
  123  9:06  Overlord x2  
  145  9:11  Overlord  
  145  9:19  Overlord  
  145  9:20  Overlord x2  
  145  9:22  Overseer  
  145  9:33  Hydralisk Den  
  136  9:41  Spore Crawler  
  136  9:45  Spore Crawler  
  117  9:46  Spore Crawler  
  117  9:50  Spore Crawler x2  
  102  10:16  Roach, Hydralisk  
  102  10:17  Hydralisk x11  
  122  10:26  Hydralisk  
  122  10:27  Hydralisk  
  100  10:36  Hydralisk x2  
  100  10:39  Overseer  
  98  10:47  Spore Crawler  
  81  10:53  Hydralisk x2  
  85  10:59  Hydralisk  
  85  11:04  Overlord  
  87  11:33  Spore Crawler  
  84  11:44  Spore Crawler  
Show
View Real Time Build Order
Export as new Build Order

zidar Zerg 

Build Orders: Pool First 

Get SALT Encoding   

  12  0:01  Drone  
  13  0:12  Overlord  
  13  0:17  Drone  
  14  0:30  Drone  
  14  0:31  Drone  
  14  0:35  Drone  
  17  0:49  Spawning Pool  
  16  0:50  Drone  
  17  1:22  Hatchery  
  17  1:24  Extractor  
  17  1:25  Drone x2  
  16  1:26  Drone  
  18  1:52  Spine Crawler  
  17  1:57  Queen  
  17  2:00  Zergling x4  
  21  2:01  Overlord  
  21  2:22  Roach Warren  
  20  2:32  Zergling x4  
  21  2:44  Queen  
  23  3:14  Roach x5  
  23  3:17  Roach  
  34  3:37  Roach  
  36  3:43  Overlord x2  
  36  4:01  Drone x3  
  39  4:05  Drone x2  
  39  4:07  Drone  
  31  5:03  Roach x10  
  31  5:04  Roach  
  47  5:13  Extractor  
  46  5:16  Extractor  
  46  5:18  Extractor  
  44  5:48  Overlord x3  
  44  5:49  Overlord  
  44  6:13  Lair  
  44  6:15  Drone x5  
  49  6:26  Drone x2  
  51  6:33  Drone  
  51  6:38  Drone  
  53  6:43  Drone  
  54  6:47  Drone  
  54  6:50  Drone  
  56  6:55  Drone  
  57  7:04  Drone x2  
  57  7:05  Drone  
  61  7:08  Drone  
  61  7:21  Spire  
  60  7:42  Overlord  
  60  7:47  Overlord x2  
  60  8:34  Mutalisk x4  
  60  8:35  Mutalisk x8  
  60  8:36  Mutalisk  
  86  8:49  Mutalisk  
  86  8:50  Mutalisk x2  
  92  9:11  Overlord x3  
  88  9:44  Mutalisk  
  88  9:45  Mutalisk x6  
  65  10:24  Mutalisk x4  
  73  10:45  Roach  
  75  11:04  Spire  
  68  11:22  Hatchery  
Tags
 
Add a new tag
Caveats
  • Supply blocks, unpowered buildings, or Contaminate may cause inaccurate times.
  • Supply counts are checked every 10 seconds.